AoeStats
← Wolf

Oasis

508777106Analyzed
3v3 RM · 7d ago on Sep 24, 2026· 39m 50s· 6 players
Game mode
Random Map
Map size
Normal (6 player)
Population
200
Speed
Normal
Resources
Standard
Victory
Conquest
Starting age
Dark Age
Ending age
Imperial Age
RankedLock teamsTeams togetherTeam positionsShared explorationLock speedFull tech treeHidden civsTurbo modeCheats
Victory
Defeat
🇺🇾 Magyars · Uruguay
966
+17
🇺🇾 Burgundians · Uruguay
956
+17
🇺🇾 Vietnamese · Uruguay
943
+18
🇦🇷 Saxons · Argentina
1220
-26
🇦🇷 Maya · Argentina
904
-14
🇦🇷 Franks · Argentina
840
-12
Pietroski
0:29 Loom
11:22 Feudal Age
12:29 Double-Bit Axe
15:40 Horse Collar
21:18 Castle Age
20:23 Gold Mining
20:40 Stone Mining
20:50 Fletching
21:01 Padded Archer Armor
22:04 Wheelbarrow
22:47 Stone Shaft Mining
27:20 Fortified Wall
28:50 Ballistics
30:46 Leather Archer Armor
31:10 Bodkin Arrow
40:09 Imperial Age
Elmatigol
4:05 Loom
8:03 Loom
10:31 Feudal Age
11:07 Double-Bit Axe
26:26 Castle Age
25:49 Padded Archer Armor
27:08 Fletching
28:03 Elite Skirmisher
36:11 Leather Archer Armor
Wolf
9:01 Double-Bit Axe
9:00 Horse Collar
11:56 Feudal Age
13:04 Wheelbarrow
13:14 Bow Saw
12:57 Town Watch
15:19 Gold Mining
20:17 Castle Age
21:19 Gold Shaft Mining
20:53 Scale Barding Armor
20:58 Forging
20:21 Cavalier
23:48 Husbandry
25:11 Coinage
28:02 Two-Man Saw
Chanlona
6:48 Loom
10:55 Feudal Age
13:40 Double-Bit Axe
19:44 Forging
21:26 Scale Barding Armor
23:32 Gold Mining
23:34 Stone Mining
27:55 Castle Age
28:24 Wheelbarrow
28:31 Padded Archer Armor
28:22 Fletching
28:45 Husbandry
29:53 Bow Saw
31:15 Gold Shaft Mining
31:58 Hand Cart
39:42 Elite Skirmisher
Lanchona
8:00 Loom
10:39 Feudal Age
13:31 Horse Collar
13:49 Double-Bit Axe
23:59 Castle Age
22:46 Stone Mining
24:18 Crossbowman
25:04 Thumb Ring
24:56 Fletching
27:21 Padded Archer Armor
28:17 Gold Mining
Hannibal Barca
1:07 Loom
7:11 Loom
11:26 Feudal Age
15:00 Castle Age
14:08 Double-Bit Axe
14:16 Fletching
14:27 Padded Archer Armor
15:35 Bodkin Arrow
22:30 Leather Archer Armor
23:01 Ballistics
25:49 Gold Mining
27:05 Forging
27:00 Scale Barding Armor
28:52 Thumb Ring
31:11 Bloodlines
31:02 Husbandry
37:00 Imperial Age
37:40 Wheelbarrow
37:30 Cranequins
Connection lost

Rejoining the realm…

Still unreachable

The connection could not be restored.

Session expired

The server has moved on; the page needs a fresh start.